 Dungeon Crawl Stone Soup version 0.22.0-40-g68aacdc (webtiles) character file.

57 therodimus the Firebug (level 3, 0/26 HPs)
             Began as a Draconian Fire Elementalist on Sept 1, 2018.
             Succumbed to a gnoll's poison
             ... on level 2 of the Dungeon.
             The game lasted 00:04:39 (831 turns).

therodimus the Firebug (Draconian Fire Elementalist) Turns: 831, Time: 00:04:39

Health: 0/26       AC:  6    Str: 10    XL:     3   Next: 73%
Magic:  6/7        EV: 12    Int: 16    God:
Gold:   65         SH:  0    Dex: 11    Spells: 6/7 levels left

rFire    . . .     SeeInvis .   e - +0 dagger (venom)
rCold    . . .     Gourm    .   (no shield)
rNeg     . . .     Faith    .   (armour unavailable)
rPois    .         Spirit   .   (helmet restricted)
rElec    .         Reflect  .   (no cloak)
rCorr    .         Harm     .   f - +0 pair of gloves
MR       .....                  (no boots)
Stlth    ++........             (no amulet)
HPRegen  0.08/turn              (no ring)
MPRegen  0.10/turn              (no ring)

@: lethally poisoned (0 -> -17), flying
A: unfitting armour, cold-blooded, AC +5
a: no special abilities


You were on level 2 of the Dungeon.
You were not hungry.

You visited 1 branch of the dungeon, and saw 2 of its levels.

You collected 65 gold pieces.

Inventory:

Hand Weapons
 e - a +0 dagger of venom (weapon)
Armour
 f - a +0 pair of gloves (worn)
Jewellery
 g - an uncursed ring of wizardry {unknown}
Scrolls
 d - 2 scrolls of enchant armour
Comestibles
 b - a ration


   Skills:
 - Level 1.7 Dodging
 - Level 1.7 Stealth
 + Level 2.7 Spellcasting
 + Level 2.1 Conjurations
 + Level 3.6 Fire Magic


You had 6 spell levels left.
You knew the following spells:

 Your Spells              Type           Power        Failure   Level  Hunger
a - Flame Tongue          Conj/Fire      ##...        6%          1    #......

Your spell library contained the following spells:

 Spells                   Type           Power        Failure   Level  Hunger
 Throw Flame              Conj/Fire      ##....       9%          2    ##.....
 Conjure Flame            Conj/Fire      ##......     17%         3    ###....
 Inner Flame              Hex/Fire       #.......     26%         3    ###....
 Sticky Flame             Conj/Fire      ##......     50%         4    #####..
 Fireball                 Conj/Fire      ##........   85%         5    ######.


Dungeon Overview and Level Annotations

Branches:
Dungeon (2/15)

Altars:
Hepliaklqana


Innate Abilities, Weirdness & Mutations

Your plain brown scales are hard. (AC +5)
You cannot fit into any form of body armour.
You are cold-blooded and may be slowed by cold attacks.


Message History

The gnoll is heavily wounded.
You feel sick. The bat closely misses you.
The gnoll hits you with a whip of venom!
* * * LOW HITPOINT WARNING * * *
You are more poisoned.
The goblin barely misses you. The gnoll closely misses you.
It was a potion of flight.
You feel very buoyant.
You fly up into the air.
* * * LOW HITPOINT WARNING * * *
You feel sick.
You kill the gnoll!
The goblin hits you.
* * * LOW HITPOINT WARNING * * *
The bat hits you.
* * * LOW HITPOINT WARNING * * *
As you read the scroll labeled PIVEMU RIEGRUST, it crumbles to dust.
It is a scroll of identify.
d - 2 scrolls of enchant armour You die...

#### # ... .#
###.#####.####
#<.>..........
#.###((†.g......
#.....(.ggg.###
#############b@...#
#...........'..l..#
#.#######...#....##
#.# ##...#....# #>#
#....###### #.#
###.#'## #.#
#...#.#
##.####.###.#####
#.......###'#...#


You could see 3 gnolls, a goblin, a bat and a frilled lizard.

Vanquished Creatures
  A gnoll (D:2)
  An adder (D:2)
  An ooze (D:2)
  3 dart slugs
  A leopard gecko (D:1)
  3 giant cockroaches
  A goblin (D:1)
  3 hobgoblins (D:1)
  4 kobolds
  2 ball pythons (D:1)
  2 bats (D:1)
  2 frilled lizards (D:1)
  3 rats
27 creatures vanquished.

Notes
Turn   | Place    | Note
-------+----------+-------------------------------------------
     0 | D:1      | therodimus the Draconian Fire Elementalist began the quest for the Orb.
     0 | D:1      | Reached XP level 1. HP: 14/14 MP: 3/3
   172 | D:1      | Reached XP level 2. HP: 17/20 MP: 5/5
   681 | D:2      | Reached XP level 3. HP: 26/26 MP: 3/6
   686 | D:2      | Found a hazy altar of Hepliaklqana.
   831 | D:2      | Succumbed to a gnoll's poison

Skill      XL: |  1  2  3 |
---------------+----------+-----
Conjurations   | 2 |  2.1
Dodging        | |  1.7
Stealth        | |  1.7
Spellcasting   | |  2.7
Fire Magic     | |  3.6

Action                   || total
-------------------------++-------
Melee: Mace              ||     8
       Tailslap          ||     3
       Dagger            ||    58
 Cast: Flame Tongue      ||    17
  Use: Scroll            ||     1
       Potion            ||     1
 Stab: Sleeping          ||     3
Armor: Skin              ||    42
Dodge: Dodged            ||    73
